 Dungeon Crawl Stone Soup version 0.29.1-15-g9cfb28693d (webtiles) character file.

Game seed: 11604417787028070078

10705 senseless the Skirmisher (level 11, -6/86 HPs)
             Began as a Gnoll Hunter on Apr 24, 2023.
             Was an Initiate of Gozag.
             Collided with a rock wall (13 damage)
             ... caused by a rakshasa (illusionary)
             ... on level 9 of the Dungeon.
             The game lasted 00:43:08 (14305 turns).

senseless the Skirmisher (Gnoll Hunter)            Turns: 14305, Time: 00:43:10

Health: -6/86      AC: 22    Str: 12    XL:     11   Next: 66%
Magic:  21/21      EV: 13    Int: 14    God:    Gozag
Gold:   962        SH: 13    Dex: 19    Spells: 21/23 levels left

rFire   + . .      SeeInvis .   K - +6 falchion of Pekey {protect, Fragile rCorr Int+6}
rCold   . . .      Faith    .   I - +2 kite shield
rNeg    . . .      Spirit   .   x - +2 ring mail {rF+}
rPois   .          Reflect  .   (no helmet)
rElec   .          Harm     .   (no cloak)
rCorr   +          Rampage  .   r - +2 pair of gloves
Will    .....                   e - +2 pair of boots {Fly}
Stlth   +++.......              s - amulet of the acrobat
HPRegen 0.24/turn               B - ring of wizardry
MPRegen 0.17/turn               N - +4 ring of slaying

@: under a protective aura, flying
A: fangs 1, strong nose, distributed training
a: Renounce Religion, Potion Petition, Call Merchant, Bribe Branch


You were on level 9 of the Dungeon.
You worshipped Gozag.
Gozag was pleased with you.
You visited 1 branch of the dungeon, and saw 10 of its levels.

You collected 1884 gold pieces.
You spent 922 gold pieces at shops.

Inventory:

Hand Weapons
 a - a +1 vorpal sling
 b - the +3 spear "Equmul" {flame, Dex+3}
   (You bought it in a shop on level 5 of the Dungeon)

   It burns those it strikes, dealing additional fire damage.
   Dex:       It affects your dexterity (+3).
 p - a +0 shortbow of freezing
 A - a +4 hand axe
 C - a +3 sling
 J - a +1 falchion of flaming
 K - the +6 falchion of Pekey (weapon) {protect, Fragile rCorr Int+6}
   (You bought it in a shop on level 9 of the Dungeon)

   It grants its wielder temporary protection when it strikes (+7 to AC).
   Int:       It affects your intelligence (+6).
   rCorr:     It protects you from acid and corrosion.
   Fragile:   It will be destroyed if unequipped.
 M - a +8 shortbow
Missiles
 P - 5 curare-tipped darts (quivered)
 Q - 9 javelins
 R - 3 silver javelins
Armour
 e - a +2 pair of boots of flying (worn)
 m - a +0 buckler
 r - a +2 pair of gloves (worn)
 x - a +2 ring mail of fire resistance (worn)
 I - a +2 kite shield (worn)
Jewellery
 s - an amulet of the acrobat (around neck)
 B - a ring of wizardry (left hand)
 E - a ring of poison resistance
 N - a +4 ring of slaying (right hand)
Wands
 i - a wand of digging (8)
 l - a wand of paralysis (20)
 o - a wand of flame (24)
 w - a wand of roots (7)
Scrolls
 c - 10 scrolls of identify
 h - 4 scrolls of teleportation
 k - 5 scrolls of fear
 n - 3 scrolls of silence
 u - a scroll of fog
 y - a scroll of blinking
 F - 2 scrolls of amnesia
 L - a scroll of magic mapping
Potions
 d - 3 potions of attraction
 f - a potion of brilliance
 g - 6 potions of curing
 j - a potion of cancellation
 q - a potion of ambrosia
 t - 2 potions of haste
 v - 5 potions of might
 z - 2 potions of lignification
 D - 4 potions of magic
 G - a potion of heal wounds
 H - a potion of invisibility


   Skills:
 + Level 8.2 Fighting
 + Level 6.7 Short Blades
 + Level 6.7 Long Blades
 + Level 6.7 Axes
 + Level 6.7 Maces & Flails
 + Level 6.7 Polearms
 + Level 6.7 Staves
 + Level 10.9 Ranged Weapons
 + Level 6.7 Throwing
 + Level 6.7 Armour
 + Level 8.2 Dodging
 + Level 7.2 Stealth
 + Level 6.7 Shields
 + Level 6.7 Unarmed Combat
 + Level 6.7 Spellcasting
 + Level 5.6 Conjurations
 + Level 5.6 Hexes
 + Level 5.6 Summonings
 + Level 5.6 Necromancy
 + Level 5.6 Translocations
 + Level 5.6 Transmutations
 + Level 5.6 Fire Magic
 + Level 5.6 Ice Magic
 + Level 5.6 Air Magic
 + Level 5.6 Earth Magic
 + Level 5.6 Poison Magic
 + Level 7.4 Invocations
 + Level 6.7 Evocations


You had 21 spell levels left.
You knew the following spells:

 Your Spells              Type           Power      Damage    Failure   Level
a - Static Discharge      Conj/Air       20%        3-6/arc   4%          2

Your spell library contained the following spells:

 Spells                   Type           Power      Damage    Failure   Level
 Ensorcelled Hibernation  Hex/Ice        40%        N/A       4%          2
 Passwall                 Tmut/Erth      16%        N/A       4%          2
 Swiftness                Air            20%        N/A       10%         3
 Lightning Bolt           Conj/Air       10%        1d23      61%         5
 Maxwell's Capacitive Co  Air            10%        ∞         100%        8
 Chain Lightning          Conj/Air       10%        3d13      100%        9
 Fire Storm               Conj/Fire      10%        8d3       100%        9
 Shatter                  Erth           10%        3d11*     100%        9


Dungeon Overview and Level Annotations

Branches:
Dungeon (10/15)            Temple (0/1) D:5            Lair (0/5) D:10
    Orc: D:9-12

Altars:
Fedhas
Gozag
Kikubaaqudgha
Makhleb
Nemelex Xobeh
Yredelemnul

Shops:
D:1 =   D:4 *   D:5 *   D:9 *((!=


Innate Abilities, Weirdness & Mutations

You have very sharp teeth.
Your uncanny sense of smell can sniff out nearby items.
Your experience applies equally to all skills.


Message History

The rakshasa is heavily wounded.
The rakshasa blinks!
You block the rakshasa's attack.
There is a stone staircase leading up here.
You block the rakshasa's attack.
You fly upwards.
There is a stone staircase leading down here.
You barely miss the rakshasa. You bite the rakshasa.
The rakshasa is heavily wounded.
The rakshasa hits you with a +0 whip!
You slash the rakshasa!
Your weapon exudes an aura of protection.
The rakshasa is severely wounded.
The injured rakshasa weaves a defensive illusion!
You block the rakshasa's attack.
You barely miss the rakshasa.
The rakshasa is severely wounded.
The rakshasa blinks!
The rakshasa closely misses you.
You barely miss the rakshasa.
The rakshasa is heavily wounded.
The rakshasa misses you. You block the rakshasa's attack.
The rakshasa hits you but does no damage.
The rakshasa blinks!
The rakshasa hits you with a +0 whip.
You slash the rakshasa!
Your weapon exudes an aura of protection.
You bite the rakshasa, but do no damage.
The rakshasa is almost dead.
The rakshasa gestures at you. The lance of force hits you!!
You are knocked back by the lance of force.
You slam into the rock wall!
You hit the rakshasa.
The rakshasa is severely wounded.
The rakshasa gestures at you. The lance of force hits you!!
* * * LOW HITPOINT WARNING * * *
You are knocked back by the lance of force.
You slam into the rock wall!
You die...
Your body crumbles into a pile of gold.

##.##....#######.........#.......
#).#..#### #....#########.......
..#..## #.#### ##........
....#########.# ##.........
...###........# ##..########
.####..######## ####..## .# ##.##
###....##### .###..#
#######..........## .#...##
#.....@...........##### ...###
###.###RRR.....[.........
...######.).# #.........#.#.#.#.#
#.........#####.........#.#.#.#.#
..####..######..........#.#.#.#.#
#)......................#.#.#.#.#
..........######........#.#.#.#.#
.....###.<..## ##................
...### ##.#..#########..######...


You could see 3 rakshasas.

Vanquished Creatures
  A hydra (D:9)
  A boulder beetle (D:10)
  2 two-headed ogres
  A glowing orange brain (D:10)
  Pikel (D:6)
  2 ugly things
  Joseph (D:7)
  3 trolls
  2 dream sheep (D:9)
  A vampire (D:10)
  A wyvern (D:7)
  2 shadows (D:9)
  6 yaks (D:8)
  A wraith (D:10)
  3 steam dragons
  An acid dragon (D:8)
  A water moccasin (D:5)
  4 orc warriors
  A sky beast (D:8)
  2 ice beasts
  4 centaurs
  An ogre (D:4)
  2 lemures (D:6)
  5 bullfrogs
  4 kobold brigands
  3 necrophages
  2 scorpions (D:5)
  A gnoll sergeant (D:10)
  2 howler monkeys
  2 hounds (D:5)
  4 jellies
  5 orc priests
  Ijyb (D:4)
  2 iguanas
  15 orc wizards
  6 adders
  3 gnolls (D:10)
  2 ufetubi
  2 dart slugs (D:1)
  30 orcs
  6 ball pythons
  5 bats
  9 endoplasms
  A giant cockroach (D:2)
  12 goblins
  5 hobgoblins (D:1)
  7 quokkas
  4 frilled lizards
  8 kobolds
  6 rats
196 creatures vanquished.

Vanquished Creatures (others)
  An orc wizard (D:10)
  10 plants
11 creatures vanquished.

Grand Total: 207 creatures vanquished

Notes
Turn   | Place    | Note
-------+----------+-------------------------------------------
     0 | D:1      | senseless the Gnoll Hunter began the quest for the Orb.
     0 | D:1      | Reached XP level 1. HP: 20/20 MP: 1/1
    63 | D:1      | Reached XP level 2. HP: 26/26 MP: 2/2
   103 | D:1      | Found Veveucasch's Jewellery Shoppe.
   172 | D:1      | Reached XP level 3. HP: 25/31 MP: 3/3
   372 | D:1      | Reached skill level 1 in Invocations
   383 | D:1      | Found a faded altar of an unknown god.
   395 | D:1      | Prayed at the altar of an unknown god.
   395 | D:1      | Became a worshipper of Gozag Ym Sagoz the Greedy
   792 | D:2      | Reached skill level 1 in Short Blades
   792 | D:2      | Reached skill level 1 in Long Blades
   792 | D:2      | Reached skill level 1 in Axes
   792 | D:2      | Reached skill level 1 in Maces & Flails
   792 | D:2      | Reached skill level 1 in Polearms
   792 | D:2      | Reached skill level 1 in Staves
   792 | D:2      | Reached skill level 1 in Throwing
   792 | D:2      | Reached skill level 1 in Armour
   792 | D:2      | Reached skill level 1 in Shields
   792 | D:2      | Reached skill level 1 in Unarmed Combat
   792 | D:2      | Reached skill level 1 in Spellcasting
   792 | D:2      | Reached skill level 1 in Evocations
   820 | D:2      | Found an ancient bone altar of Kikubaaqudgha.
   918 | D:2      | Reached XP level 4. HP: 38/38 MP: 5/5
  2106 | D:3      | Found a blossoming altar of Fedhas.
  2445 | D:4      | Noticed Ijyb
  2458 | D:4      | Killed Ijyb
  2459 | D:4      | Reached skill level 1 in Conjurations
  2459 | D:4      | Reached skill level 1 in Hexes
  2459 | D:4      | Reached skill level 1 in Summonings
  2459 | D:4      | Reached skill level 1 in Necromancy
  2459 | D:4      | Reached skill level 1 in Translocations
  2459 | D:4      | Reached skill level 1 in Transmutations
  2459 | D:4      | Reached skill level 1 in Fire Magic
  2459 | D:4      | Reached skill level 1 in Ice Magic
  2459 | D:4      | Reached skill level 1 in Air Magic
  2459 | D:4      | Reached skill level 1 in Earth Magic
  2459 | D:4      | Reached skill level 1 in Poison Magic
  2805 | D:4      | Found Onusuok's General Store.
  2814 | D:4      | Reached XP level 5. HP: 43/43 MP: 7/7
  2943 | D:4      | Noticed an ogre
  2949 | D:4      | Killed an ogre
  2950 | D:4      | Reached XP level 6. HP: 50/50 MP: 8/8
  3293 | D:5      | Entered Level 5 of the Dungeon
  3488 | D:5      | Found Nitoeng's Assorted Antiques.
  3494 | D:5      | Reached skill level 5 in Fighting
  3494 | D:5      | Reached skill level 5 in Dodging
  3595 | D:5      | Bought a fizzy ruby potion for 23 gold pieces
  3595 | D:5      | Bought a brown potion for 23 gold pieces
  3595 | D:5      | Bought an ancient spear for 208 gold pieces
  3595 | D:5      | Identified the +3 spear "Equmul" {flame, Dex+3} (You bought
                  | it in a shop on level 5 of the Dungeon)
  3727 | D:5      | Reached XP level 7. HP: 56/56 MP: 10/10
  4005 | D:5      | Found a staircase to the Ecumenical Temple.
  4022 | D:5      | Reached skill level 9 in Ranged Weapons
  4485 | D:6      | Reached XP level 8. HP: 63/63 MP: 12/12
  5034 | D:6      | Found a basalt altar of Yredelemnul.
  5037 | D:6      | Found a sparkling altar of Nemelex Xobeh.
  5042 | D:6      | Found a burning altar of Makhleb.
  5075 | D:7      | Noticed Pikel
  5230 | D:6      | Killed Pikel
  5427 | D:7      | Noticed Joseph
  6034 | D:7      | HP: 3/61 [Joseph/sling bullet (3)]
  6382 | D:6      | Reached XP level 9. HP: 60/69 MP: 14/14
  6475 | D:7      | Killed Joseph
  7100 | D:7      | Noticed a troll
  7103 | D:7      | Reached skill level 5 in Stealth
  7107 | D:7      | Noticed a purple ugly thing
  7371 | D:7      | HP: 3/71 [purple ugly thing (9)]
  7372 | D:7      | Killed a purple ugly thing
  7373 | D:7      | Reached skill level 5 in Invocations
  7729 | D:7      | Killed a troll
  8175 | D:7      | Reached skill level 5 in Short Blades
  8175 | D:7      | Reached skill level 5 in Long Blades
  8175 | D:7      | Reached skill level 5 in Axes
  8175 | D:7      | Reached skill level 5 in Maces & Flails
  8175 | D:7      | Reached skill level 5 in Polearms
  8175 | D:7      | Reached skill level 5 in Staves
  8175 | D:7      | Reached skill level 5 in Throwing
  8175 | D:7      | Reached skill level 5 in Armour
  8175 | D:7      | Reached skill level 5 in Shields
  8175 | D:7      | Reached skill level 5 in Unarmed Combat
  8175 | D:7      | Reached skill level 5 in Spellcasting
  8175 | D:7      | Reached skill level 5 in Evocations
  8175 | D:7      | Reached XP level 10. HP: 58/77 MP: 17/17
  8207 | D:7      | Reached skill level 10 in Ranged Weapons
  9431 | D:8      | HP: 2/79 [yak (11)]
 10284 | D:9      | Found Pypaduf's Weapon Emporium.
 10294 | D:9      | Found Fegog's Distillery.
 10302 | D:9      | Bought a potion of cancellation for 96 gold pieces
 10302 | D:9      | Bought a potion of heal wounds for 60 gold pieces
 10302 | D:9      | Bought a potion of heal wounds for 60 gold pieces
 10302 | D:9      | Bought a potion of curing for 36 gold pieces
 10302 | D:9      | Bought a potion of invisibility for 96 gold pieces
 10624 | D:9      | Noticed a two-headed ogre
 10644 | D:9      | Killed a two-headed ogre
 11255 | D:9      | Found Ycwunn's General Store.
 11282 | D:9      | Bought a scroll of noise for 10 gold pieces
 11593 | D:9      | Found Caluush's Jewellery Boutique.
 11706 | D:9      | Reached skill level 5 in Conjurations
 11706 | D:9      | Reached skill level 5 in Hexes
 11706 | D:9      | Reached skill level 5 in Summonings
 11706 | D:9      | Reached skill level 5 in Necromancy
 11706 | D:9      | Reached skill level 5 in Translocations
 11706 | D:9      | Reached skill level 5 in Transmutations
 11706 | D:9      | Reached skill level 5 in Fire Magic
 11706 | D:9      | Reached skill level 5 in Ice Magic
 11706 | D:9      | Reached skill level 5 in Air Magic
 11706 | D:9      | Reached skill level 5 in Earth Magic
 11706 | D:9      | Reached skill level 5 in Poison Magic
 11706 | D:9      | Reached XP level 11. HP: 42/85 MP: 18/20
 11890 | D:9      | Noticed a two-headed hydra
 11913 | D:9      | Killed a one-headed hydra
 12145 | D:9      | Found Nuejah's Antique Weapon Boutique.
 12154 | D:9      | Bought an iridescent falchion for 272 gold pieces
 12154 | D:9      | Identified the +6 falchion of Pekey {protect, Fragile rCorr
                  | Int+6} (You bought it in a shop on level 9 of the Dungeon)
 12158 | D:9      | Learned a level 2 spell: Static Discharge
 12329 | D:10     | Entered Level 10 of the Dungeon
 12332 | D:10     | Noticed a two-headed ogre
 12599 | D:10     | Noticed an ice dragon
 13274 | D:10     | Found a staircase to the Lair.
 13379 | D:10     | Killed a two-headed ogre
 13708 | D:10     | Noticed a brown ugly thing
 13954 | D:9      | Bought 4 curare-tipped darts for 38 gold pieces
 13966 | D:10     | Noticed a glowing orange brain
 13983 | D:10     | Killed a glowing orange brain
 14086 | D:10     | Noticed a boulder beetle
 14095 | D:10     | Killed a boulder beetle
 14099 | D:10     | Noticed a centaur warrior
 14100 | D:10     | Noticed a rakshasa
 14116 | D:9      | Killed a purple ugly thing
 14305 | D:9      | Collided with a rock wall

Illustrated notes

Levels and vault maps discovered:
D:1:      scummos_arrival_forest, layout_rooms, serial_shops, shop,
          hellmonk_ecumenical_altar_arch_garden, st_stairs_9,
          hangedman_decor_slide_cut, amcnicky_mini_rare_corridor_liquid,
          minmay_pentomino_o2
D:2:      layout_basic, basic_altar
D:3:      layout_loops_ring, fedhas_altar_fruit_tree, chequers_mini_garden,
          nrook_campfire
D:4:      layout_basic, serial_shops, nicolae_square_shop, uniq_ijyb
D:5:      layout_basic, minmay_temple_entry_mist,
          chequers_serial_rivers_micro_b, minmay_shop_grid_forest
D:6:      layout_basic, grunt_temple_overflow_diamond
D:7:      layout_rooms, serial_corexii_hall, corexii_hall_statues_s,
          chequers_hall_statues_wall_a, corexii_hall_statues_i,
          corexii_hall_statues_deadend, grunt_potential, uniq_joseph, uniq_pikel
D:8:      layout_loops_ring, minmay_misc_feat_square, skrybe_limestone_x
D:9:      layout_rooms, serial_shops, nicolae_shop_hallway_plus, shop, shop,
          nicolae_shop_bloodbath_and_beyond, shop_statue, enter_bailey_3,
          minmay_misc_feat_rows, hangedman_ranch
D:10:     minmay_the_grid_net [minmay_the_grid_eight, minmay_the_grid_dragon_a,
          minmay_the_grid_holed_spiral, minmay_the_grid_garden,
          minmay_the_grid_small_cups,
          minmay_the_grid_prize_four_corners_diamond_a], layout_irregular_city,
          serial_shops, nicolae_shop_crystal, dreamdust_wishing_well,
          minmay_misc_feat_nine_boxes, abandoned_shop, uniq_harold

Skill      XL: |  1  2  3  4  5  6  7  8  9 10 11 |
---------------+----------------------------------+-----
Invocations    | 1 2 3 4 5 6 7 |  7.4
Short Blades   | 1 2 3 5 6 |  6.7
Long Blades    | 1 2 3 5 6 |  6.7
Axes           | 1 2 3 5 6 |  6.7
Maces & Flails | 1 2 3 5 6 |  6.7
Polearms       | 1 2 3 5 6 |  6.7
Staves         | 1 2 3 5 6 |  6.7
Throwing       | 1 2 3 5 6 |  6.7
Armour         | 1 2 3 5 6 |  6.7
Shields        | 1 2 3 5 6 |  6.7
Unarmed Combat | 1 2 3 5 6 |  6.7
Spellcasting   | 1 2 3 5 6 |  6.7
Evocations     | 1 2 3 5 6 |  6.7
Conjurations   | 1 2 3 4 5 |  5.6
Hexes          | 1 2 3 4 5 |  5.6
Summonings     | 1 2 3 4 5 |  5.6
Necromancy     | 1 2 3 4 5 |  5.6
Translocations | 1 2 3 4 5 |  5.6
Transmutations | 1 2 3 4 5 |  5.6
Fire Magic     | 1 2 3 4 5 |  5.6
Ice Magic      | 1 2 3 4 5 |  5.6
Air Magic      | 1 2 3 4 5 |  5.6
Earth Magic    | 1 2 3 4 5 |  5.6
Poison Magic   | 1 2 3 4 5 |  5.6
Stealth        | 3 4 5 6 7 |  7.2
Fighting       | 5 6 7 8 |  8.2
Dodging        | 5 6 7 8 |  8.2
Ranged Weapons | 9 10 | 10.9

Action                   |  1- 3 |  4- 6 |  7- 9 | 10-12 || total
-------------------------+-------+-------+-------+-------++-------
Melee: Spear             |       |     6 |   205 |   266 ||   477
       Bite              |       |       |    30 |    73 ||   103
       Punch             |       |       |       |     2 ||     2
       Falchion          |       |       |       |   141 ||   141
 Fire: Shortbow          |    79 |    73 |       |       ||   152
       Sling             |       |    23 |   125 |    96 ||   244
Throw: Dart              |       |       |       |    34 ||    34
 Cast: Static Discharge  |       |       |       |     6 ||     6
Evoke: Wand              |       |     1 |    22 |       ||    23
  Use: Scroll            |       |    19 |     2 |     3 ||    24
       Potion            |       |       |     1 |     4 ||     5
 Stab: Paralysed         |       |       |    16 |       ||    16
       Distracted        |       |       |       |     2 ||     2
Armor: Leather armour    |     6 |     1 |       |       ||     7
       Ring mail         |       |    12 |    61 |   133 ||   206
Dodge: Dodged            |    16 |    18 |   129 |   180 ||   343
Block: Buckler           |       |     1 |    50 |    43 ||    94
       Kite shield       |       |       |       |   150 ||   150
